 Dungeon Crawl Stone Soup version 0.31.0-9-g3a7656b989 (webtiles) character file.

Game seed: 11900487754280606928

137 qw the Ducker (level 5, -1/25 HPs)
             Began as a Spriggan Hunter on Feb 2, 2024.
             Slain by Natasha (9 damage)
             ... on level 3 of the Dungeon.
             The game lasted 00:00:10 (2548 turns).

qw the Ducker (Spriggan Hunter)                     Turns: 2548, Time: 00:00:10

Health: -1/25      AC:  2    Str:  7    XL:     5   Next: 0%
Magic:  6/6        EV: 22    Int: 11    God:
Gold:   102        SH:  0    Dex: 26    Spells: 4/4 levels left

rFire   . . .        a - +0 shortbow
rCold   . . .        (shield currently unavailable)
rNeg    . . .        c - +0 robe
rPois   +            (helmet restricted)
rElec   .            (no cloak)
rCorr   .            (gloves unavailable)
SInv    +            (boots unavailable)
Will    .....        (no amulet)
Stlth   ++           m - +6 ring of dexterity
HPRegen 0.24/turn    l - ring of poison resistance
MPRegen 0.10/turn

%: no passive effects
@: very quick
A: very small, no large weapons, unfitting armour, see invisible, speed 3
a: no special abilities


You were on level 3 of the Dungeon.
You visited 1 branch of the dungeon, and saw 3 of its levels.

You collected 102 gold pieces.


Innate Abilities, Weirdness & Mutations

You are very small and have problems with some larger weapons.
You are too small for most types of armour.
You have supernaturally acute eyesight. (SInv)
You cover ground extremely quickly. (Speed+++)


   Skills:
 - Level 1.5 Fighting
 - Level 5.0 Ranged Weapons
 + Level 5.6 Dodging
 - Level 1.5 Stealth


You had 4 spell levels left.
You didn't know any spells.
Your spell library was empty.

Inventory:

Hand Weapons
 a - a +0 shortbow (weapon)
Armour
 c - a +0 robe (worn)
Jewellery
 j - a ring of positive energy
 l - a ring of poison resistance (right hand)
 m - a +6 ring of dexterity (left hand)
 Y - a +4 ring of protection
Wands
 e - a wand of paralysis (10)
Scrolls
 f - a scroll of enchant armour {unknown}
 i - a scroll of immolation {unknown}
Potions
 b - 2 potions of might
 d - a potion of invisibility {unknown}
 g - 3 potions of curing
 h - a potion of heal wounds {unknown}

Dungeon Overview and Level Annotations

Branches:
Dungeon (3/15)

Altars:

Annotations:
D:3 Natasha


Message History

Natasha mumbles some strange words.
You shoot an arrow. The arrow hits the cerulean imp.
The cerulean imp is lightly wounded.
The cerulean imp completely misses you.
You shoot an arrow.
The arrow barely misses the cerulean imp.
The cerulean imp hits you with a +2 spear!
You shoot an arrow.
The arrow barely misses the cerulean imp.
Natasha completely misses you. The cerulean imp closely misses you.
Natasha completely misses you.
You shoot an arrow.
The arrow closely misses the cerulean imp.
The cerulean imp misses you.
Natasha wildly gestures.
Natasha glows brightly for a moment.
Natasha casts a spell.
Enter note:
Enter note:
Enter note:
Enter note:
2544 ||| RETREEEEATING.
The cerulean imp barely misses you.
Enter note:
Enter note:
2545 ||| RETREEEEATING.
You shoot an arrow. The arrow hits Natasha.
Natasha is moderately wounded.
You shoot an arrow. The arrow barely misses Natasha.
The arrow hits the cerulean imp but does no damage.
The cerulean imp is lightly wounded.
Natasha casts a spell at you. The magic dart hits you.
The cerulean imp completely misses you. Natasha claws you.
You shoot an arrow. The arrow barely misses Natasha.
The arrow misses the cerulean imp.
The arrow hits the cerulean imp.
The cerulean imp is heavily wounded.
The cerulean imp barely misses you. Natasha claws you!
You die...
Natasha begins licking her fur clean.

#.......######.#...#####)...###.
#..........%....................
#.......####>###########.######.
#....(.>.###.# #.......#......
#######...##.# #.#####)#.###.#
#.#.##.# #.......).....#
#######.#.##<# #######.#)#...#
#.........######### ####.##.##
#...........55h@..# #.........
#........##..####.# #.##.##...
#........###.# #.# #....<....
#........###%# #.#########.##..
#########...%####...........####
#.....)...###########
#....####...## #....# ###..##
#....# ##..###


You could see Natasha and 2 cerulean imps.

Vanquished Creatures
  Natasha (D:3)
  4 gnolls (D:3)
  3 adders (D:2)
  3 orcs (D:3)
  3 bats
  4 endoplasms
  2 giant cockroaches
  4 goblins
  3 hobgoblins
  2 jackals (D:3)
  3 kobolds (D:1)
  2 quokkas (D:3)
  2 ball pythons (D:1)
  3 frilled lizards
  7 rats
46 creatures vanquished.

Notes
Turn   | Place    | Note
-------+----------+-------------------------------------------
     0 | D:1      | qw the Spriggan Hunter began the quest for the Orb.
     0 | D:1      | Reached XP level 1. HP: 10/10 MP: 2/2
     0 | D:1      | 0 ||| qw: Version: 0.3-a-155-g5e7d8dd
     0 | D:1      | 0 ||| qw: Game counter: 1950
     0 | D:1      | 0 ||| qw: Melee chars always use a shield: true
     0 | D:1      | 0 ||| qw: God list: Okawaru
     0 | D:1      | 0 ||| qw: Allow faded altars: false
     0 | D:1      | 0 ||| qw: Do Orc after clearing Dungeon:15 true
     0 | D:1      | 0 ||| qw: Do second Lair branch before Depths: true
     0 | D:1      | 0 ||| qw: Lair rune preference: random
     0 | D:1      | 0 ||| qw: Goals: Normal
     0 | D:1      | 0 ||| PLANNING D:1-11
    88 | D:1      | Reached skill level 3 in Dodging
   233 | D:1      | Reached XP level 2. HP: 14/14 MP: 3/3
   645 | D:1      | 645 ||| READING 2 scrolls labelled AROXUI VIPRAK.
   646 | D:1      | 646 ||| DROPPING scroll of butterflies.
   665 | D:1      | Found a faded altar of an unknown god.
  1046 | D:1      | 1046 ||| READING 2 scrolls of identify.
  1046 | D:1      | 1046 ||| IDENTIFYING 2 ruby potions
  1098 | D:2      | Reached XP level 3. HP: 18/18 MP: 4/4
  1828 | D:2      | 1828 ||| UPGRADING to ring of poison resistance.
  1829 | D:2      | 1829 ||| UPGRADING to +4 ring of protection.
  1830 | D:2      | 1830 ||| UPGRADING to +6 ring of dexterity.
  1832 | D:2      | 1832 ||| UPGRADING to ring of poison resistance.
  1834 | D:2      | 1834 ||| READING scroll of identify.
  1834 | D:2      | 1834 ||| IDENTIFYING orange potion
  1835 | D:2      | 1835 ||| READING scroll labelled ISUOBUISKA.
  1836 | D:2      | 1836 ||| READING scroll labelled ZUESTA SYGIOP.
  1837 | D:2      | 1837 ||| READING scroll labelled EMUPPE EG MEI.
  1938 | D:2      | 1938 ||| DRINKING 3 green potions.
  1939 | D:2      | 1939 ||| DROPPING potion of lignification.
  2122 | D:3      | 2122 ||| RETREEEEATING.
  2125 | D:3      | Reached XP level 4. HP: 22/22 MP: 5/5
  2250 | D:3      | Noticed Natasha
  2255 | D:3      | Killed Natasha
  2408 | D:3      | Reached XP level 5. HP: 25/25 MP: 6/6
  2537 | D:3      | Noticed Natasha
  2544 | D:3      | 2544 ||| RETREEEEATING.
  2545 | D:3      | 2545 ||| RETREEEEATING.
  2548 | D:3      | Slain by Natasha

Levels and vault maps discovered:
D:1:      tekkud_arrival_beachfront_property, layout_basic,
          ebering_ecumenical_altar_ruins, serial_co_window_serial,
          co_window_paths_a, co_window_paths_b, co_window_corner_a,
          co_window_corner_a, co_window_paths_b, co_window_of_opportunity_a,
          co_window_paths_b, co_window_corner_ca, co_window_2corner,
          co_window_cross_2, co_window_2corner, glass_columns_b,
          glass_columns_a, glass_columns_b, glass_columns_b, glass_columns_a
D:2:      layout_basic
D:3:      layout_basic, uniq_natasha

Skill      XL: |  1  2  3  4 |
---------------+-------------+-----
Dodging        | 3 4 5 |  5.6
Ranged Weapons | 5 |  5.0
Fighting       | |  1.5
Stealth        | |  1.5

Action                     |  1- 3 |  4- 6 || total
---------------------------+-------+-------++-------
   Fire: Shortbow          |    92 |    38 ||   130
    Use: Scroll            |     6 |       ||     6
         Potion            |     1 |       ||     1
 Armour: Robe              |     7 |     9 ||    16
  Dodge: Dodged            |    23 |    19 ||    42

Table legend:
 A = Non-vault XP
 B = Vault XP
 C = Vault XP percentage of total XP
 D = Non-vault monster count
 E = Vault monster count
 F = Vault count percentage of total count
                 A         B        C        D         E       F
            +---------+---------+-------+---------+---------+-------
      Total |     162 |      35 |  17.8 |      45 |       1 |   2.2
            +---------+---------+-------+---------+---------+-------
        D:1 |      29 |       0 |   0.0 |      16 |       0 |   0.0
        D:2 |      49 |       0 |   0.0 |      10 |       0 |   0.0
        D:3 |      84 |      35 |  29.4 |      19 |       1 |   5.0
            +---------+---------+-------+---------+---------+-------
